 Dungeon Crawl Stone Soup version 0.27.1-34-g3ba077fa99 (webtiles) character file.

Game seed: 9756703629421132124

5229 sankara the Martial Artist (level 10, -7/91 HPs)
             Began as a Minotaur Monk on Jan 22, 2022.
             Was a High Priest of Okawaru.
             Killed by divine providence
             ... invoked by an orc priest
              (12 damage)
             ... on level 9 of the Dungeon.
             The game lasted 00:19:47 (10941 turns).

sankara the Martial Artist (Minotaur Monk)         Turns: 10941, Time: 00:19:47

Health: -7/91      AC: 13    Str: 16    XL:     10   Next: 35%
Magic:  10/10      EV:  9    Int:  7    God:    Okawaru [*****.]
Gold:   882        SH:  0    Dex: 22    Spells: 2/9 levels left

rFire    + . .     SeeInvis .     - Unarmed
rCold    + . .     Faith    .   (no shield)
rNeg     + . .     Spirit   .   E - +0 plate armour
rPois    .         Reflect  .   (helmet restricted)
rElec    .         Harm     .   s - scarf {rC+ rF+}
rCorr    .         Rampage  .   (no gloves)
Will     .....                  (no boots)
Stlth    ..........             (no amulet)
HPRegen  0.25/turn              y - +6 ring of dexterity
MPRegen  0.12/turn              w - ring of positive energy

@: confused
A: horns 2, retaliatory headbutt
a: Renounce Religion, Heroism, Finesse


You were on level 9 of the Dungeon.
You worshipped Okawaru.
Okawaru was extremely pleased with you.
You visited 2 branches of the dungeon, and saw 10 of its levels.

You collected 1278 gold pieces.
You spent 396 gold pieces at shops.

Inventory:

Hand Weapons
 u - a +1 vorpal hunting sling
Missiles
 d - 308 stones
 h - 13 poisoned darts (quivered)
 k - 6 boomerangs
 x - 56 sling bullets
 H - 2 silver boomerangs
 J - 4 throwing nets
Armour
 o - a +1 leather armour of cold resistance
 s - a scarf of resistance (worn)
 A - a +1 cloak
 E - a +0 plate armour (worn)
Jewellery
 a - a ring of flight
 e - an amulet of magic regeneration
 g - a ring of resist corrosion
 w - a ring of positive energy (right hand)
 y - a +6 ring of dexterity (left hand)
 D - a +6 ring of dexterity
 I - a +6 ring of strength
Wands
 j - a wand of paralysis (11)
 m - a wand of iceblast (10)
 B - a wand of flame (31)
 G - a wand of charming (6)
Scrolls
 b - a scroll of enchant weapon
 c - a scroll of silence {unknown}
 l - 3 scrolls of magic mapping
 t - a scroll of teleportation
 C - a scroll of brand weapon
 K - a scroll of blinking {unknown}
 L - a scroll of amnesia
Potions
 f - a potion of mutation
 i - 8 potions of curing
 n - a potion of brilliance
 p - a potion of attraction
 q - a potion of ambrosia
 r - a potion of heal wounds
 v - a potion of cancellation {unknown}
 z - 2 potions of degeneration {unknown}
 F - a potion of flight {unknown}


   Skills:
 + Level 9.0 Fighting
 + Level 1.9 Throwing
 + Level 7.8 Armour
 + Level 8.2 Dodging
 - Level 1.5 Stealth
 + Level 10.8 Unarmed Combat
 + Level 2.0 Invocations


You had 2 spell levels left.
You knew the following spells:

 Your Spells              Type           Power      Damage    Failure   Level
a - Wereblood             Tmut           0%         N/A       100%        2
b - Blade Hands           Tmut           0%         N/A       100%        5

Your spell library contained the following spells:

 Spells                   Type           Power      Damage    Failure   Level
 Beastly Appendage        Tmut           0%         N/A       100%        1
 Magic Dart               Conj           0%         1d3       100%        1
 Shock                    Conj/Air       0%         1d3       100%        1
 Blink                    Tloc           N/A        N/A       100%        2
 Call Imp                 Summ           0%         N/A       100%        2
 Lesser Beckoning         Tloc           0%         N/A       100%        3
 Mephitic Cloud           Conj/Pois/Air  0%         N/A       100%        3
 Spider Form              Tmut/Pois      0%         N/A       100%        3
 Stone Arrow              Conj/Erth      0%         3d7       100%        3
 Swiftness                Air            0%         N/A       100%        3
 Airstrike                Air            0%         N/A       100%        4
 Animate Armour           Summ/Erth      0%         N/A       100%        4
 Cause Fear               Hex            0%         N/A       100%        4
 Bolt of Magma            Conj/Fire/Erth 0%         4d4       100%        5
 Manifold Assault         Tloc           0%         N/A       100%        5
 Iron Shot                Conj/Erth      0%         9d1       100%        6
 Dragon Form              Tmut           0%         N/A       100%        7
 Dragon's Call            Summ           0%         N/A       100%        9
 Shatter                  Erth           0%         3d5*      100%        9


Dungeon Overview and Level Annotations

Branches:
Dungeon (9/15)             Temple (1/1) D:7            Lair (0/6) D:9
    Orc: D:9-12

Altars:
Ashenzari
Dithmenos
Elyvilon
Gozag
Hepliaklqana
Kikubaaqudgha
Makhleb
Nemelex Xobeh
Okawaru
Qazlal
Ru
Sif Muna
Trog
Uskayaw
Vehumet
Wu Jian
Xom
Yredelemnul
Zin
The Shining One

Shops:
D:4 !   D:7 :

Portals:
Abyss: D:5

Annotations:
D:5 2 transporters, Jazqba's ghost, amateur HOHu


Innate Abilities, Weirdness & Mutations

You have a pair of horns on your head.
You reflexively headbutt those who attack you in melee.


Message History

Your plate armour prevents you from hitting the orc wizard.
The orc wizard is severely wounded.
The warg barely misses you.
The orc wizard hits you with a +0 dagger.
The orc priest calls upon Beogh to heal the orc wizard.
The orc wizard is healed somewhat.
You miss the orc wizard. You headbutt the orc wizard!
The orc wizard is almost dead.
The warg bites you but does no damage.
The orc wizard gestures at you while chanting.
You easily resist.
Something hits you but does no damage. The warg bites you!
* * * LOW HITPOINT WARNING * * *
The orc wizard closely misses you.
There is a stone staircase leading up here.
The orc wizard barely misses you. Something hits you but does no damage.
The orc priest barely misses you.
In your confused state, you trip and fall back down the stairs.
* * * LOW HITPOINT WARNING * * *
You feel less confused.
The orc wizard hits you but does no damage.
Something hits you but does no damage.
The orc priest mumbles some strange prayers to Beogh against you.
Beogh smites you!
* * * LOW HITPOINT WARNING * * *
Unknown command.
The orc wizard casts a spell at you. The puff of flame hits you. You resist.
* * * LOW HITPOINT WARNING * * *
The orc priest calls upon Beogh to heal the orc wizard.
The orc wizard is healed somewhat.
You hear some strange, mumbled words.
You are confused.
In your confused state, you trip and fall back down the stairs.
* * * LOW HITPOINT WARNING * * *
The orc wizard hits you but does no damage.
Something hits you.
* * * LOW HITPOINT WARNING * * *
The orc priest calls down the wrath of Beogh upon you.
Beogh smites you!
You die...

..$....... .....>.
........( .......
......... ...P...
......... #.....
#........ #.....
#......[. #....
#........
.###...###@..#
......)Z.oo{.#
......)oohh..#
.................
###...............
#...............
#..............#
................#
.............##..#


You could see 2 wargs, an orc priest, an orc wizard, 2 orcs and a howler monkey
zombie.

Vanquished Creatures
  A two-headed ogre (D:8)
  A hornet (D:7)
  9 yaks
  Grum (D:9)
  A warg (D:9)
  3 orc warriors
  2 black bears (D:7)
  A necrophage (D:7)
  A sky beast (D:6)
  3 ogres
  2 wolves (D:9)
  A phantom (D:4)
  5 bullfrogs
  A gnoll sergeant (D:7)
  2 scorpions
  A wyvern skeleton (D:7)
  3 wights (D:8)
  3 howler monkeys (D:7)
  A centaur zombie (D:8)
  2 bullfrog skeletons
  3 hounds
  2 gnoll shamans
  6 orc priests
  2 iguanas
  4 orc wizards
  A howler monkey zombie (D:5)
  A howler monkey skeleton (D:6)
  5 adders
  16 gnolls
  2 shadow imps
  2 ufetubi
  An adder zombie (D:4)
  An adder skeleton (D:4)
  4 worms
  3 dart slugs
  25 orcs
  9 ball pythons
  6 bats
  8 endoplasms
  2 giant cockroaches
  11 goblins
  8 hobgoblins
  4 jackals (D:1)
  7 kobolds
  A quokka (D:2)
  3 frilled lizards
  7 rats
188 creatures vanquished.

Vanquished Creatures (others)
  A plant (D:7)
1 creature vanquished.

Grand Total: 189 creatures vanquished

Notes
Turn   | Place    | Note
-------+----------+-------------------------------------------
     0 | D:1      | sankara the Minotaur Monk began the quest for the Orb.
     0 | D:1      | Reached XP level 1. HP: 19/19 MP: 0/0
    53 | D:1      | Reached XP level 2. HP: 16/27 MP: 1/1
   531 | D:1      | Reached skill level 4 in Unarmed Combat
   643 | D:1      | Reached XP level 3. HP: 33/33 MP: 2/2
  1154 | D:2      | Found a faded altar of an unknown god.
  1545 | D:2      | Reached XP level 4. HP: 40/40 MP: 3/3
  2369 | D:3      | Reached skill level 1 in Armour
  2643 | D:3      | Reached skill level 5 in Unarmed Combat
  2643 | D:3      | Reached XP level 5. HP: 40/47 MP: 4/4
  2993 | D:3      | Found an iron altar of Okawaru.
  3004 | D:3      | Became a worshipper of Warmaster Okawaru
  3004 | D:3      | Reached * piety under Okawaru
  3004 | D:3      | Reached ** piety under Okawaru
  3127 | D:3      | Found an ancient bone altar of Kikubaaqudgha.
  3127 | D:3      | Found a glowing silver altar of Zin.
  3214 | D:3      | Found a shimmering altar of Xom.
  3502 | D:4      | Found Igocra Piac's Distillery.
  3938 | D:4      | Noticed a phantom
  3955 | D:4      | Killed a phantom
  3956 | D:4      | Reached skill level 5 in Fighting
  3956 | D:4      | Reached XP level 6. HP: 16/56 MP: 5/5
  4189 | D:4      | Reached skill level 6 in Unarmed Combat
  4447 | D:5      | Entered Level 5 of the Dungeon
  4613 | D:5      | Noticed a small abomination
  4692 | D:5      | Found a transporter.
  4702 | D:5      | Found a transporter.
  4724 | D:5      | Reached XP level 7. HP: 61/61 MP: 6/6
  4823 | D:5      | Reached skill level 5 in Dodging
  5112 | D:5      | Found a burning altar of Makhleb.
  5178 | D:5      | Found a one-way gate to the infinite horrors of the Abyss.
  5178 | D:5      | Noticed Jazqba's ghost (amateur HOHu)
  5513 | D:6      | Noticed a yak
  5514 | D:6      | Noticed a yak
  5515 | D:6      | Noticed a yak
  5521 | D:6      | Killed a yak
  5521 | D:6      | Reached *** piety under Okawaru
  5531 | D:6      | Killed a yak
  5532 | D:6      | Reached skill level 7 in Unarmed Combat
  5806 | D:6      | Killed a yak
  5807 | D:6      | Reached XP level 8. HP: 34/70 MP: 4/7
  6062 | D:6      | Identified a scroll of acquirement
  6062 | D:6      | Acquired 707 gold pieces
  6776 | D:6      | Reached skill level 8 in Unarmed Combat
  7072 | D:6      | Reached skill level 5 in Armour
  7748 | D:7      | Reached XP level 9. HP: 71/79 MP: 5/8
  7752 | D:7      | Reached **** piety under Okawaru
  7753 | D:7      | Reached skill level 9 in Unarmed Combat
  8166 | D:7      | Learned a level 2 spell: Wereblood
  8280 | D:7      | Found Motholegh's Book Shoppe.
  8301 | D:7      | Bought a book of Iron for 396 gold pieces
  8307 | D:7      | Learned a level 5 spell: Blade Hands
  8461 | D:7      | Reached skill level 10 in Unarmed Combat
  8465 | D:7      | Found a staircase to the Ecumenical Temple.
  8526 | Temple   | Entered the Ecumenical Temple
  8933 | D:7      | Found a bloodstained altar of Trog.
  9248 | D:7      | Paralysed by a hornet for 3 turns
  9810 | D:8      | Noticed a two-headed ogre
  9867 | D:8      | Killed a two-headed ogre
  9867 | D:8      | Reached ***** piety under Okawaru
  9868 | D:8      | Reached skill level 1 in Throwing
  9868 | D:8      | Reached skill level 1 in Invocations
  9868 | D:8      | Reached XP level 10. HP: 56/90 MP: 6/9
 10108 | D:8      | Found a hide-covered altar of Uskayaw.
 10904 | D:9      | Noticed Grum
 10916 | D:9      | Found a staircase to the Lair.
 10924 | D:9      | Killed Grum
 10941 | D:9      | Killed from afar by an orc priest

Illustrated notes

Levels and vault maps discovered:
D:1:      minmay_arrival_four_circles, layout_basic
D:2:      layout_basic, basic_ecumenical_altar, serial_rivers,
          chequers_serial_rivers_small_b, chequers_serial_rivers_large_b,
          chequers_serial_rivers_room_a, chequers_serial_rivers_large_a,
          chequers_serial_rivers_micro_b, chequers_serial_rivers_room_a
D:3:      layout_rooms, okawaru_trees_1, gammafunk_temple_overflow_statue,
          tgw_xom, serial_rivers, chequers_serial_rivers_marsh,
          chequers_serial_rivers_micro_a, chequers_serial_rivers_micro_e,
          chequers_serial_rivers_micro_a, chequers_serial_rivers_small_a
D:4:      minmay_chambers_of_threes, layout_loops_cross, serial_shops, shop,
          kennysheep_another_room
D:5:      layout_basic, bloody_makhleb, gammafunk_ghost_abyssal_escape,
          small_statue_alley_b
D:6:      layout_loops_corners
D:7:      layout_basic, trog_ov_bears_minmay,
          minmay_temple_entry_gardened_gates, serial_shops,
          kennysheep_little_box
D:8:      layout_basic, lemuel_tele_altar, grunt_ministairs_11
D:9:      layout_big_octagon, mainiacjoe_overflow_surrounded_room,
          erik_lair_orcish_takeover, kennysheep_boxes, uniq_joseph, uniq_grum,
          uniq_maggie
Temple:   dshaligram_water_room_temple

Skill      XL: |  1  2  3  4  5  6  7  8  9 10 |
---------------+-------------------------------+-----
Fighting       | 4 5 6 7 8 9 |  9.0
Unarmed Combat | 4 5 6 7 8 10 | 10.8
Dodging        | 4 5 6 8 |  8.2
Armour         | 1 2 3 4 5 7 |  7.8
Throwing       | 1 |  1.9
Invocations    | 1 2 |  2.0
Stealth        | |  1.5

Action                   |  1- 3 |  4- 6 |  7- 9 | 10-12 || total
-------------------------+-------+-------+-------+-------++-------
Melee: Unarmed           |    87 |   154 |   263 |    58 ||   562
       Headbutt          |    14 |    28 |    66 |     9 ||   117
       Punch             |       |     5 |    14 |     4 ||    23
Throw: Stone             |       |     2 |       |       ||     2
       Boomerang         |       |     2 |     2 |       ||     4
Invok: Heroism           |       |     1 |     7 |     1 ||     9
Evoke: Wand              |       |     1 |       |       ||     1
  Use: Scroll            |       |       |    15 |       ||    15
 Stab: Sleeping          |     6 |     3 |       |       ||     9
Armor: Robe              |    17 |     1 |       |       ||    18
       Leather armour    |       |    11 |       |       ||    11
       Chain mail        |       |    56 |    24 |       ||    80
       Plate armour      |       |       |    74 |    46 ||   120
Dodge: Dodged            |    65 |    72 |    85 |    48 ||   270
